 Dungeon Crawl Stone Soup version 0.31.0-11-ge490571c62 (webtiles) character file.

Game seed: 4356962609291417985

126 qw the Skirmisher (level 4, -1/25 HPs)
             Began as a Deep Elf Hunter on Feb 4, 2024.
             Incinerated by a bombardier beetle (6 damage)
             ... with a burning spray
             ... on level 4 of the Dungeon.
             The game lasted 00:00:10 (2564 turns).

qw the Skirmisher (Deep Elf Hunter)                 Turns: 2564, Time: 00:00:11

Health: -1/25      AC:  5    Str: 10    XL:     4   Next: 83%
Magic:  6/6        EV: 11    Int: 14    God:
Gold:   130        SH:  0    Dex: 18    Spells: 3/3 levels left

rFire   . . .        e - +0 orcbow
rCold   . . .        (shield currently unavailable)
rNeg    . . .        b - +0 ring mail
rPois   .            (no helmet)
rElec   .            (no cloak)
rCorr   .            (no gloves)
SInv    .            (no boots)
Will    .....        (no amulet)
Stlth   +            (no ring)
HPRegen 0.24/turn    (no ring)
MPRegen 0.10/turn

%: no passive effects
@: on fire, glowing
A: no striking features
a: no special abilities


You were on level 4 of the Dungeon.
You visited 1 branch of the dungeon, and saw 4 of its levels.

You collected 130 gold pieces.


   Skills:
 - Level 1.5 Fighting
 + Level 8.2 Ranged Weapons
 - Level 2.4 Dodging
 - Level 1.2 Stealth


You had 3 spell levels left.
You didn't know any spells.
Your spell library was empty.

Inventory:

Hand Weapons
 e - a +0 orcbow (weapon)
Armour
 b - a +0 ring mail (worn)
Jewellery
 g - a +6 ring of strength
Scrolls
 a - a scroll of teleportation
 d - a scroll of immolation {unknown}
Potions
 c - a potion of curing
 f - 2 potions of haste
 i - a potion of heal wounds

Dungeon Overview and Level Annotations

Branches:
Dungeon (4/15)
 Temple: D:4-7

Altars:
Makhleb

Shops:
D:1 ==(*

Annotations:
D:3 3 runed translucent doors, qw's ghost, weakling DEHu


Message History

There is an open door here.
Found a scale mail.
Found a stone staircase leading down.
Found a quarterstaff.
You now have 130 gold pieces (gained 18).
Found an escape hatch in the floor.
g - a +6 ring of strength You see here the +9 glaive of Exoneration {protect, rN++ MP+9 Str+3 Dex-4}.
Enter note:
Enter note: A bombardier beetle comes into view.
Enter note: You shoot an arrow.
The arrow barely misses the bombardier beetle.
You shoot an arrow. The arrow hits the bombardier beetle.
The bombardier beetle is moderately wounded.
You shoot an arrow.
The arrow barely misses the bombardier beetle.
You shoot an arrow. The arrow hits the bombardier beetle.
The bombardier beetle is moderately wounded.
You shoot an arrow.
The arrow barely misses the bombardier beetle.
You shoot an arrow. The arrow hits the bombardier beetle.
The bombardier beetle is heavily wounded.
The bombardier beetle sprays incendiary fluid at you.
The burning spray hits you.
You are covered in liquid fire!
You shoot an arrow. The arrow hits the bombardier beetle!
You kill the bombardier beetle!
The liquid fire burns you!
Your Ranged Weapons skill increases to level 8!
You are on fire!
The liquid fire burns you!
You are on fire!
The liquid fire burns you!
You are on fire!
The liquid fire burns you!
You are on fire!
The liquid fire burns you!
You die...

......#...........##..........
............................###
............##................
......#####....##.##........#
#'##### ..## #.##........#
#.######## ..# #.##........#
#......... ..# #.##.)......#
...######.#.#####.##........#
...+ .......@...........# ...#
.#.#####.#########.### ......
#.............## ...###
#.#################..# ...#
#.#......... ##.# ...#
#.#.#.......... #.# ...###
#.#.#........... #.# #+#..
#.#.#............ #.# #...###
#.#.#.............# #.##


There were no monsters in sight!

Vanquished Creatures
  A bombardier beetle (D:4)
  4 adders (D:3)
  2 dart slugs
  3 ribbon worms
  An orc (D:3)
  4 bats
  4 endoplasms
  6 giant cockroaches
  4 hobgoblins
  A kobold (D:3)
  3 quokkas (D:2)
  2 ball pythons (D:3)
  4 frilled lizards
  2 goblins (D:2)
  8 rats
49 creatures vanquished.

Notes
Turn   | Place    | Note
-------+----------+-------------------------------------------
     0 | D:1      | qw the Deep Elf Hunter began the quest for the Orb.
     0 | D:1      | Reached XP level 1. HP: 12/12 MP: 3/3
     0 | D:1      | 0 ||| qw: Version: 0.3-a-160-g6735b56
     0 | D:1      | 0 ||| qw: Game counter: 5051
     0 | D:1      | 0 ||| qw: Melee chars always use a shield: true
     0 | D:1      | 0 ||| qw: God list: Okawaru
     0 | D:1      | 0 ||| qw: Allow faded altars: false
     0 | D:1      | 0 ||| qw: Do Orc after clearing Dungeon:15 true
     0 | D:1      | 0 ||| qw: Do second Lair branch before Depths: true
     0 | D:1      | 0 ||| qw: Lair rune preference: random
     0 | D:1      | 0 ||| qw: Goals: Normal
     0 | D:1      | 0 ||| PLANNING D:1-11
    60 | D:1      | Found Hiel's General Store.
    69 | D:1      | 69 ||| SHOPLISTING +0 ring mail (56 gold, have 3).
    69 | D:1      | 69 ||| SHOPLISTING potion of curing (42 gold, have 3).
    69 | D:1      | 69 ||| SHOPLISTING potion of might (56 gold, have 3).
   123 | D:1      | 123 ||| SWAPPING to +0 orcbow.
   124 | D:1      | 124 ||| DROPPING +0 shortbow.
   155 | D:1      | Found Xygagiza's Weapon Shop.
   244 | D:1      | Found Qiusu's Jewellery Shop.
   250 | D:1      | 250 ||| SHOPLISTING +6 ring of dexterity (360 gold, have
                  | 17).
   250 | D:1      | 250 ||| SHOPLISTING amulet of Muoju {Spirit Harm *Slow
                  | rElec Str+4 Int-3} (405 gold, have 17).
   250 | D:1      | 250 ||| SHOPLISTING ring of fire (250 gold, have 17).
   250 | D:1      | 250 ||| SHOPLISTING ring of ice (250 gold, have 17).
   250 | D:1      | 250 ||| SHOPLISTING ring of protection from cold (250 gold,
                  | have 17).
   405 | D:1      | Found Wiceyk's Jewellery Shoppe.
   414 | D:1      | 414 ||| SHOPLISTING +6 ring of dexterity (468 gold, have
                  | 17).
   414 | D:1      | 414 ||| SHOPLISTING amulet of guardian spirit (390 gold,
                  | have 17).
   414 | D:1      | 414 ||| SHOPLISTING ring "Dunimnuss" {EV+5 Int+5 Dex+4}
                  | (804 gold, have 17).
   414 | D:1      | 414 ||| SHOPLISTING ring of protection from fire (325 gold,
                  | have 17).
   460 | D:1      | Reached XP level 2. HP: 16/16 MP: 4/4
   690 | D:1      | 690 ||| READING scroll labelled HUOBOSUVARGH.
   691 | D:1      | 691 ||| DROPPING scroll of butterflies.
   706 | D:2      | Reached skill level 6 in Ranged Weapons
   886 | D:2      | Found a burning altar of Makhleb.
  1126 | D:2      | Reached XP level 3. HP: 20/20 MP: 5/5
  1128 | D:2      | 1128 ||| UPGRADING to +0 ring mail.
  1138 | D:2      | 1138 ||| DROPPING +0 leather armour.
  1139 | D:2      | 1139 ||| READING scroll labelled NASUNA MOLIPP.
  1140 | D:2      | 1140 ||| READING 2 scrolls labelled DAMOKAE JUAGA.
  1140 | D:2      | 1140 ||| IDENTIFYING bubbling emerald potion
  1141 | D:2      | 1141 ||| READING scroll of identify.
  1141 | D:2      | 1141 ||| IDENTIFYING dark potion
  1142 | D:2      | 1142 ||| DRINKING 3 murky sapphire potions.
  1143 | D:2      | 1143 ||| DROPPING potion of ambrosia.
  1145 | D:2      | 1145 ||| Stepping ~*~*~tactically~*~*~ (cloud).
  1146 | D:2      | 1146 ||| DRINKING 2 potions of curing.
  1146 | D:2      | 1146 ||| (to cure poison)
  1151 | D:2      | 1151 ||| Stepping ~*~*~tactically~*~*~ (cloud).
  1151 | D:2      | HP: 3/20 [poisoned by you (poison gas)]
  1152 | D:2      | 1152 ||| DRINKING potion of curing.
  1152 | D:2      | 1152 ||| (to cure poison)
  1503 | D:3      | Reached skill level 7 in Ranged Weapons
  1707 | D:3      | 1707 ||| FLEEEEING.
  1708 | D:3      | 1708 ||| FLEEEEING.
  1710 | D:3      | 1710 ||| FLEEEEING.
  1711 | D:3      | 1711 ||| FLEEEEING.
  1998 | D:3      | Reached XP level 4. HP: 25/25 MP: 6/6
  2148 | D:3      | Found a runed translucent gate.
  2175 | D:3      | Found a runed translucent gate.
  2176 | D:3      | Found a runed translucent gate.
  2178 | D:3      | Noticed qw's ghost (weakling DEHu)
  2178 | D:3      | Identified the +12 spear of World's End {chaos, Str+5
                  | Dex+3}
  2214 | D:3      | 2214 ||| READING 2 scrolls of identify.
  2214 | D:3      | 2214 ||| IDENTIFYING fuming red potion
  2215 | D:3      | 2215 ||| READING scroll of identify.
  2215 | D:3      | 2215 ||| IDENTIFYING ruby potion
  2216 | D:3      | 2216 ||| READING scroll labelled COSTRY TI PUY.
  2268 | D:3      | 2268 ||| DRINKING 2 purple potions.
  2269 | D:3      | 2269 ||| DROPPING potion of lignification.
  2270 | D:3      | 2270 ||| DROPPING potion of brilliance.
  2546 | D:4      | Identified the +9 glaive of Exoneration {protect, rN++ MP+9
                  | Str+3 Dex-4}
  2561 | D:4      | Reached skill level 8 in Ranged Weapons
  2563 | D:4      | HP: 4/25 [burnt (5)]
  2564 | D:4      | Incinerated by a bombardier beetle

Levels and vault maps discovered:
D:1:      tekkud_arrival_beachfront_property, layout_loops_ring, serial_shops,
          shop, nicolae_square_shop, shop, shop
D:2:      layout_rooms, basic_altar, serial_bayou_pond_e
D:3:      layout_basic, biasface_ghost_orc_armoury
D:4:      layout_basic

Skill      XL: |  1  2  3  4 |
---------------+-------------+-----
Ranged Weapons | 6 7 8 |  8.2
Fighting       | |  1.5
Dodging        | |  2.4
Stealth        | |  1.2

Action                     |  1- 3 |  4- 6 || total
---------------------------+-------+-------++-------
   Fire: Orcbow            |   136 |    18 ||   154
         Shortbow          |     1 |       ||     1
    Use: Scroll            |     4 |     3 ||     7
         Potion            |     3 |     1 ||     4
 Armour: Leather armour    |    10 |       ||    10
         Ring mail         |    18 |       ||    18
  Dodge: Dodged            |    40 |     4 ||    44

Table legend:
 A = Non-vault XP
 B = Vault XP
 C = Vault XP percentage of total XP
 D = Non-vault monster count
 E = Vault monster count
 F = Vault count percentage of total count
                 A         B        C        D         E       F
            +---------+---------+-------+---------+---------+-------
      Total |     180 |       0 |   0.0 |      49 |       0 |   0.0
            +---------+---------+-------+---------+---------+-------
        D:1 |      12 |       0 |   0.0 |       8 |       0 |   0.0
        D:2 |      33 |       0 |   0.0 |      17 |       0 |   0.0
        D:3 |      93 |       0 |   0.0 |      23 |       0 |   0.0
        D:4 |      42 |       0 |   0.0 |       1 |       0 |   0.0
            +---------+---------+-------+---------+---------+-------
